 Dungeon Crawl Stone Soup version 0.28.0 (webtiles) character file.

Game seed: 17257389279739584316

25 horus123 the Conjurer (level 2, 0/14 (15) HPs)
             Began as a Deep Elf Conjurer on Feb 8, 2022.
             Slain by a necrophage (2 damage)
             ... on level 2 of the Dungeon.
             The game lasted 00:01:03 (1007 turns).

horus123 the Conjurer (Deep Elf Conjurer)           Turns: 1007, Time: 00:01:03

HP:   0/14 (15)     AC:  2    Str:  4    XL:     2   Next: 86%
MP:   1/9           EV: 12    Int: 22    God:
Gold: 34            SH:  0    Dex: 13    Spells: 6/9 levels left

rFire   . . .      SeeInvis .   (no weapon)
rCold   . . .      Faith    .   (no shield)
rNeg    . . .      Spirit   .   a - +0 robe
rPois   .          Reflect  .   (no helmet)
rElec   .          Harm     .   (no cloak)
rCorr   .          Rampage  .   (no gloves)
Will    .....                   (no boots)
Stlth   ++........              (no amulet)
HPRegen 0.04/turn               (no ring)
MPRegen 0.11/turn               (no ring)

@: drained
A: no striking features
a: no special abilities


You were on level 2 of the Dungeon.
You visited 1 branch of the dungeon, and saw 2 of its levels.

You collected 34 gold pieces.

Inventory:

Armour
 a - a +0 robe (worn)
Scrolls
 b - a scroll of teleportation {unknown}
 c - a scroll of fog {unknown}
 d - a scroll of identify {unknown}


   Skills:
 - Level 2.4 Dodging
 - Level 2.4 Stealth
 - Level 4.0 Spellcasting
 + Level 4.9 Conjurations


You had 6 spell levels left.
You knew the following spells:

 Your Spells              Type           Power      Damage    Failure   Level
a - Magic Dart            Conj           100%       1d8       1%          1
b - Searing Ray           Conj           52%        2d6       2%          2

Your spell library contained the following spells:

 Spells                   Type           Power      Damage    Failure   Level
 Dazzling Flash           Conj/Hex       30%        N/A       12%         3
 Fulminant Prism          Conj/Hex       7%         3d7       38%         4
 Iskenderun's Mystic Bla  Conj/Tloc      15%        2d5       38%         4


Dungeon Overview and Level Annotations

Branches:
Dungeon (2/15)

Altars:


Message History

Found a silvery potion.
Found a stone staircase leading down.
Casting: Magic Dart (safe; 1% risk of failure)
Confirm with . or Enter, or press ? or * to list all spells.
Aiming: Searing Ray (safe; 2% risk of failure)
Press: ? - help, Shift-Dir - straight line, f - necrophage
Aim: a necrophage (79% to hit)
The searing ray hits the necrophage.
The necrophage is lightly damaged. (Press . to maintain the ray.)
The searing ray misses the necrophage.
The searing ray hits the necrophage.
The necrophage is moderately damaged.
The necrophage hits you.
You feel drained.
The searing ray hits the necrophage.
The necrophage is heavily damaged.
You finish channelling your searing ray.
The necrophage hits you.
Casting: Searing Ray (safe; 2% risk of failure)
Confirm with . or Enter, or press ? or * to list all spells.
Aiming: Searing Ray (safe; 2% risk of failure)
Press: ? - help, Shift-Dir - straight line, f/p - necrophage
Aim: a necrophage (heavily damaged, 79% to hit)
The searing ray misses the necrophage. (Press . to maintain the ray.)
The necrophage barely misses you.
The searing ray hits the necrophage!
The necrophage is severely damaged.
The necrophage hits you but does no damage.
The searing ray hits the necrophage but does no damage.
The necrophage is severely damaged.
The necrophage closely misses you.
Without enough magic to sustain it, your searing ray dissipates.
The necrophage hits you.
* * * LOW HITPOINT WARNING * * *
Casting: Searing Ray (safe; 2% risk of failure)
Confirm with . or Enter, or press ? or * to list all spells.
You don't have enough magic to cast this spell.
Unknown command.
The necrophage hits you.
You die...

#..# #..## .
#...## ## .#.
#.... .. ...
#.#.# .#.# #.#
#.#.#..... #.#
#......... #.#
#.n#...>..
#.#####@## ...!.
#....(.## .###
#########..####.#
# .....†....†#
#.# .######<##.#
#.# #.##.# ##
#.##.# #.##.#
#.....


You could see a necrophage.

Vanquished Creatures
  A dart slug (D:1)
  4 endoplasms (D:1)
  A giant cockroach (D:1)
  A goblin (D:1)
  A hobgoblin (D:1)
  2 quokkas (D:1)
  4 ball pythons (D:1)
  2 bats
  2 frilled lizards
  2 kobolds (D:1)
  2 rats (D:1)
22 creatures vanquished.

Notes
Turn   | Place    | Note
-------+----------+-------------------------------------------
     0 | D:1      | horus123 the Deep Elf Conjurer began the quest for the Orb.
     0 | D:1      | Reached XP level 1. HP: 10/10 MP: 6/6
   205 | D:1      | Found a faded altar of an unknown god.
   293 | D:1      | Reached XP level 2. HP: 15/15 MP: 6/9
   367 | D:1      | Learned a level 2 spell: Searing Ray
   997 | D:2      | Noticed a necrophage
  1007 | D:2      | Slain by a necrophage

Illustrated notes

Levels and vault maps discovered:
D:1:      enne_arrival_octagon_isle, layout_loops_ring,
          chequers_ecumenical_altar_simple, minmay_box_of_dots
D:2:      cheibrodos_pilgrimage, layout_loops_ring, basic_altar,
          grunt_ministairs_14

Skill      XL: |  1 |
---------------+----+-----
Spellcasting   | 4 |  4.0
Dodging        | |  2.4
Stealth        | |  2.4
Conjurations   | |  4.9

Action                   || total
-------------------------++-------
 Cast: Magic Dart        ||    38
       Searing Ray       ||     2
Armor: Robe              ||     2
Dodge: Dodged            ||     4
